AoeStats
← Namely

Black Forest

509767395Analyzed
2v2 RM · 6d ago on Sep 27, 2026· 51m 15s· 4 players
Game mode
Random Map
Map size
Medium (4 player)
Population
200
Speed
Normal
Resources
Standard
Victory
Conquest
Starting age
Dark Age
Ending age
Imperial Age
RankedLock teamsTeams togetherTeam positionsShared explorationLock speedFull tech treeHidden civsTurbo modeCheats
Victory
Defeat
🇺🇸 Saxons · United States
1112
+10
🇺🇸 Franks · United States
770
+22
🇺🇸 Hindustanis · United States
973
-17
🇺🇸 Mongols · United States
923
-15
Kazule
0:58 Loom
11:58 Feudal Age
15:27 Castle Age
13:42 Double-Bit Axe
13:40 Horse Collar
17:12 Bow Saw
17:53 Heavy Plow
22:30 Wheelbarrow
21:45 Town Watch
29:48 Imperial Age
28:36 Hand Cart
28:23 Town Patrol
28:36 Scale Mail Armor
30:18 Chain Mail Armor
30:14 Forging
30:21 Shield Wall
30:27 Capped Ram
31:22 Siege Ram
32:31 Conscription
31:48 Elite Hearth Troop
33:14 Iron Casting
34:06 Plate Mail Armor
44:20 Two-Man Saw
jeffreywhitlock
4:57 Loom
14:01 Feudal Age
17:59 Castle Age
16:38 Double-Bit Axe
17:17 Stone Mining
20:28 Bow Saw
25:14 Masonry
26:11 Gold Mining
28:14 Gold Shaft Mining
28:57 Scale Barding Armor
30:41 Husbandry
32:30 Wheelbarrow
32:43 Chain Barding Armor
32:37 Forging
33:03 Fortified Wall
33:17 Ballistics
34:50 Hand Cart
36:12 Iron Casting
35:29 Fletching
39:28 Imperial Age
37:27 Ordonnance Companies
39:00 Bodkin Arrow
39:06 Padded Archer Armor
39:33 Cavalier
40:41 Chivalry
41:50 Blast Furnace
41:25 Plate Barding Armor
42:07 Chemistry
41:39 Architecture
40:44 Heavy Mounted Crossbowman
40:48 Cranequins
42:47 Siege Engineers
42:59 Paladin
44:31 Town Watch
44:41 Capped Ram
45:38 Leather Archer Armor
49:32 Murder Holes
49:44 Herbal Medicine
Namely
0:28 Loom
12:40 Feudal Age
15:28 Double-Bit Axe
18:21 Castle Age
20:58 Bow Saw
22:57 Wheelbarrow
26:23 Caravan
27:10 Horse Collar
27:40 Gold Mining
27:41 Stone Mining
29:35 Thumb Ring
31:34 Hand Cart
31:05 Town Watch
34:54 Imperial Age
32:59 Heavy Plow
35:33 Husbandry
35:44 Bloodlines
34:54 Light Cavalry
36:34 Ballistics
37:17 Chemistry
36:38 Ballistics
35:41 Crossbowman
36:26 Thumb Ring
37:46 Conscription
39:39 Hussar
41:28 Shatagni
41:33 Grand Trunk Road
43:52 Siege Engineers
Havoc AD
0:57 Loom
14:27 Feudal Age
15:34 Town Watch
18:21 Wheelbarrow
18:47 Fletching
22:05 Gold Mining
22:05 Stone Mining
22:04 Horse Collar
27:50 Castle Age
29:59 Gold Shaft Mining
29:59 Stone Shaft Mining
29:29 Heavy Plow
30:04 Town Patrol
31:20 Hand Cart
31:07 Double-Bit Axe
33:22 Caravan
35:21 Forging
35:17 Scale Barding Armor
35:08 Bodkin Arrow
36:57 Fortified Wall
36:38 Guard Tower
36:44 Murder Holes
38:12 Bloodlines
38:02 Husbandry
39:27 Bow Saw
44:52 Imperial Age
42:34 Light Cavalry
47:09 Hussar
48:53 Elite Steppe Lancer
Connection lost

Rejoining the realm…

Still unreachable

The connection could not be restored.

Session expired

The server has moved on; the page needs a fresh start.